Cogmind - Beta 14 @@@ ROGUE MODE // 2025.01.03 @ 18:22:10 // Winter2022/Polymind Player: Demo Result: Destroyed by S-27 Virus with Autogun Performance ------------- Evolutions (4) 2000 Regions Visited (12) 2400 Robots Destroyed (8) 40 Value Destroyed (349) 349 Prototype IDs (0) 0 Alien Tech Used (0) 0 Bonus (7304) 7304 TOTAL SCORE: 11543 Bonus ------- Polymind Skill 4489 Pacifist 834 Follower Combat Kills 381 Entered Garrisons 600 Used RIF Installer 500 Entered DSFs 500 Cogmind --------- Core Integrity 0/850 Matter 0/0 Energy 100/100 System Corruption 0% Temperature Cool (8) Movement Walking (120) Location -6/Extension Parts ------- > --- POWER (1) -------- Light Angular Momentum Engine > --- PROPULSION (2) --- Carbon-fiber Leg Carbon-fiber Leg > --- UTILITY (1) ------ Advanced Heat Sink > --- WEAPON (1) ------- Heavy Laser > --- INVENTORY (1) ---- (None) Peak State ------------ > --- POWER ------------ Light Angular Momentum Engine > --- PROPULSION ------- Carbon-fiber Leg Carbon-fiber Leg > --- UTILITY ---------- Advanced Heat Sink > --- WEAPON ----------- Heavy Laser > --- INVENTORY -------- (None) [Rating: 20] Favorites ----------- Power Light Ion Engine Engine Light Ion Engine Power Core Light Nuclear Core Propulsion Wheel Treads Medium Treads Leg Carbon-fiber Leg Wheel Wheel Utility Medium Matter Pod Device Tractor Beam Storage Medium Matter Pod Processor Terrain Scan Processor Weapon Heavy Laser Energy Gun Heavy Laser Special Weapon Welding Torch Build | -11 -10 -9 -8 -7 -7 -7 -7 -7 -7 -6 -6 -6 ------- Run | Yrd Mat Mat Mat Fac Gar Fac Gar Fac DSF Fac Gar Ext Slots Evolved . | . . . . . . . . . . . . . Power . | . . . . . . . . . . . . . Propulsion . | . . . . . . . . . . . . . Utility . | . . . . . . . . . . . . . Weapon . | . . . . . . . . . . . . . Parts Attached . | . . . . . . . . . . . . . Power . | . . . . . . . . . . . . . Engine . | . . . . . . . . . . . . . Core . | . . . . . . . . . . . . . Reactor . | . . . . . . . . . . . . . Propulsion . | . . . . . . . . . . . . . Treads . | . . . . . . . . . . . . . Leg . | . . . . . . . . . . . . . Wheel . | . . . . . . . . . . . . . Hover . | . . . . . . . . . . . . . Flight . | . . . . . . . . . . . . . Utility . | . . . . . . . . . . . . . Device . | . . . . . . . . . . . . . Storage . | . . . . . . . . . . . . . Processor . | . . . . . . . . . . . . . Hackware . | . . . . . . . . . . . . . Protection . | . . . . . . . . . . . . . Artifact . | . . . . . . . . . . . . . Weapon . | . . . . . . . . . . . . . Energy Gun . | . . . . . . . . . . . . . Energy Cannon . | . . . . . . . . . . . . . Ballistic Gun . | . . . . . . . . . . . . . Ballistic Cannon . | . . . . . . . . . . . . . Launcher . | . . . . . . . . . . . . . Special Weapon . | . . . . . . . . . . . . . Impact Weapon . | . . . . . . . . . . . . . Slashing Weapon . | . . . . . . . . . . . . . Piercing Weapon . | . . . . . . . . . . . . . Special Melee Weapon . | . . . . . . . . . . . . . Unidentified Prototypes . | . . . . . . . . . . . . . Parts Lost 27 | . . 4 3 . . . 6 . . . . 14 Power 6 | . . 1 1 . . . 1 . . . . 3 Propulsion 12 | . . 2 2 . . . 2 . . . . 6 Utility 6 | . . 1 . . . . 2 . . . . 3 Weapon 3 | . . . . . . . 1 . . . . 2 Highest Loss Streak 8 | . . 4 2 . . . 6 . . . . 8 To Critical Strikes 1 | . . . . . . . . . . . . 1 Average Slot Usage (%) 68 | . 100 93 58 20 20 20 30 48 80 80 80 77 Engine 14 | . 20 18 10 . . . . 12 20 20 20 18 Leg 1 | . . . . . . . 5 . . . . 4 Wheel 28 | . 40 37 30 . . . . 24 40 40 40 31 Device 4 | . 20 17 . . . . 7 . . . . 4 Storage 17 | . 20 20 17 20 20 20 10 12 20 20 20 14 Energy Gun 1 | . . . . . . . 3 . . . . 3 Peak Build Rating 20 | 5 5 5 4 1 1 1 10 4 4 4 4 20 Average Rating 4 | 2 5 4 2 1 1 1 2 2 4 4 4 6 On Entrance 2 | . 5 5 . 1 1 1 1 . 4 4 4 4 Naked Turns 69 | . . . 20 . . . 8 24 . . . 17 Heaviest Build 27 | 9 9 9 4 1 1 1 9 5 5 5 5 27 Greatest Support 65 | 32 32 32 20 3 3 3 20 20 20 20 20 65 Greatest Overweight (x) 1 | . . 1 . . . . . . . . . 1 Average Overweight (x) . | . . . . . . . . . . . . . Largest Inventory Capacity 10 | 4 4 4 1 1 1 1 1 1 1 1 1 10 Average Capacity 1 | 1 4 4 . 1 1 1 . . 1 1 1 1 Most Carried 5 | . 4 4 . . . . . . . . . 5 Average Carried . | . 2 3 . . . . . . . . . . Final Capacity 4 | 4 4 . 1 1 1 1 . 1 1 1 1 1 Final Carried 2 | . 2 . . . . . . . . . . . Class Distribution -------------------- 74% | Worker 13% | Recycler 7% | Grunt 3% | Cogmind Dominant Class ---------------- Recycler | -10/Materials Recycler | -9/Materials Worker | -8/Materials Worker | -7/Factory Worker | -7/Garrison Worker | -7/Factory Worker | -7/Garrison Cogmind | -7/Factory Worker | -7/DSF Worker | -6/Factory Worker | -6/Garrison Worker | -6/Extension Resources | -11 -10 -9 -8 -7 -7 -7 -7 -7 -7 -6 -6 -6 ----------- Run | Yrd Mat Mat Mat Fac Gar Fac Gar Fac DSF Fac Gar Ext Matter Collected 107 | . . . . . . . . . . 107 . . Remotely . | . . . . . . . . . . . . . Salvage Created 384 | . . . . . . . 119 . . 14 . 251 Parts 12 | . . . . . . . 3 . . 1 . 8 Haulers Intercepted . | . . . . . . . . . . . . . Recyclers Shooed . | . . . . . . . . . . . . . Parts Field Recycled . | . . . . . . . . . . . . . Retrieved Matter . | . . . . . . . . . . . . . Parts Self-Destructed . | . . . . . . . . . . . . . Prevented . | . . . . . . . . . . . . . Kills | -11 -10 -9 -8 -7 -7 -7 -7 -7 -7 -6 -6 -6 ------- Run | Yrd Mat Mat Mat Fac Gar Fac Gar Fac DSF Fac Gar Ext Combat Hostiles Destroyed 7 | . . . . . . . 2 . . . . 5 Guns 7 | . . . . . . . 2 . . . . 5 Classes Destroyed 3 | . . . . . . . 1 . . 1 . 1 Worker 1 | . . . . . . . . . . 1 . . Swarmer 2 | . . . . . . . . . . . . 2 Grunt 5 | . . . . . . . 2 . . . . 3 Best Kill Streak 2 | . . . . . . . 2 . . 1 . 2 Combat Bots Only 2 | . . . . . . . 2 . . . . 2 Max Kills in Single Turn 1 | . . . . . . . 1 . . 1 . 1 Gunslinging . | . . . . . . . . . . . . . Exploded . | . . . . . . . . . . . . . Melee . | . . . . . . . . . . . . . Uniques/NPCs Destroyed . | . . . . . . . . . . . . . Combat | -11 -10 -9 -8 -7 -7 -7 -7 -7 -7 -6 -6 -6 -------- Run | Yrd Mat Mat Mat Fac Gar Fac Gar Fac DSF Fac Gar Ext Hostile Shots Fired 417 | . . 32 80 . 16 . 72 . . . 3 214 Missed 149 | . . 13 32 . 5 . 23 . . . 1 75 Damage Taken 3709 | . . 218 386 . 117 . 818 . . . 56 2114 Core 1715 | . . 54 249 . 104 . 447 . . . 22 839 Absorbed by Shields . | . . . . . . . . . . . . . Core Remaining (%) 72 | 100 100 86 54 . . . . . 21 . . . Volleys Fired 54 | . . . . . . . 9 . . . . 45 Largest 1 | . . . . . . . 1 . . . . 1 Hottest 69 | . . . . . . . 65 . . . . 69 Shots Fired 54 | . . . . . . . 9 . . . . 45 Gun 49 | . . . . . . . 9 . . . . 40 Cannon . | . . . . . . . . . . . . . Launcher . | . . . . . . . . . . . . . Special 5 | . . . . . . . . . . . . 5 Kinetic . | . . . . . . . . . . . . . Thermal 54 | . . . . . . . 9 . . . . 45 Explosive . | . . . . . . . . . . . . . Electromagnetic . | . . . . . . . . . . . . . Robot Hit Streak 9 | . . . . . . . 7 . . . . 9 Robot Miss Streak 2 | . . . . . . . 1 . . . . 2 Penetration Max . | . . . . . . . . . . . . . Secondary Targets . | . . . . . . . . . . . . . Shots Hit Robots 41 | . . . . . . . 8 . . . . 33 Core Hits 19 | . . . . . . . 5 . . 2 . 12 Critical Kills . | . . . . . . . . . . . . . Critical Parts Destroyed . | . . . . . . . . . . . . . Critical Strikes 1 | . . . . . . . . . . . . 1 Burn 1 | . . . . . . . . . . . . 1 Melee Attacks . | . . . . . . . . . . . . . Impact . | . . . . . . . . . . . . . Slashing . | . . . . . . . . . . . . . Piercing . | . . . . . . . . . . . . . Sneak Attacks . | . . . . . . . . . . . . . Combat Hostiles . | . . . . . . . . . . . . . Follow-up Attacks . | . . . . . . . . . . . . . Damage Inflicted 1232 | . . . 1 . . . 179 . . 348 . 704 Guns 856 | . . . . . . . 168 . . . . 688 Cannons . | . . . . . . . . . . . . . Explosions 348 | . . . . . . . . . . 348 . . Melee . | . . . . . . . . . . . . . Ramming 22 | . . . 1 . . . 11 . . . . 10 Kinetic . | . . . . . . . . . . . . . Thermal 862 | . . . . . . . 168 . . . . 694 Explosive 348 | . . . . . . . . . . 348 . . Electromagnetic . | . . . . . . . . . . . . . Impact . | . . . . . . . . . . . . . Slashing . | . . . . . . . . . . . . . Piercing . | . . . . . . . . . . . . . Highest Corruption 6 | . . 4 . . . . 6 6 6 . . . Average Corruption 5 | . . 3 . . . . 3 6 6 . . . Corruption Purged . | . . . . . . . . . . . . . Corruption Blocked . | . . . . . . . . . . . . . Effects 7 | . . 1 . . . . 2 2 2 . . . Message Errors 3 | . . 1 . . . . 1 . 1 . . . Matter Fused 1 | . . . . . . . . . 1 . . . Heat Flow Errors 1 | . . . . . . . . 1 . . . . Energy Discharges 1 | . . . . . . . 1 . . . . . Data Loss (minor) 1 | . . . . . . . . 1 . . . . Overload Shots . | . . . . . . . . . . . . . Overflow Damage 24 | . . . . . . . . . . 24 . . Projectiles . | . . . . . . . . . . . . . Explosions 24 | . . . . . . . . . . 24 . . Melee . | . . . . . . . . . . . . . Knockbacks 1 | . . . . . . . 1 . . . . . Impact 1 | . . . . . . . 1 . . . . . Kinetic . | . . . . . . . . . . . . . Secondary . | . . . . . . . . . . . . . Self-Inflicted Damage 9 | . . . . . . . 5 . . . . 4 Shots . | . . . . . . . . . . . . . Rammed 9 | . . . 2 . . . 2 . . . . 5 Targets Rammed 9 | . . . 2 . . . 2 . . . . 5 Kicked . | . . . . . . . . . . . . . Crushed . | . . . . . . . . . . . . . Highest Temperature 279 | . . 13 . . . . 29 279 . . . 139 Average Temperature 60 | . . 6 . . . . 16 274 . . . 64 Received Heat Transfer 840 | . . 111 9 . 12 . 153 . . . . 555 Siege Activations . | . . . . . . . . . . . . . Robots Corrupted . | . . . . . . . . . . . . . Combat Hostiles . | . . . . . . . . . . . . . Parts Fried . | . . . . . . . . . . . . . Impact Corruptions . | . . . . . . . . . . . . . Robots Melted . | . . . . . . . . . . . . . Combat Hostiles . | . . . . . . . . . . . . . Parts Melted 1 | . . . . . . . . . . . . 1 Heat Transferred 1715 | . . . . . . . 333 . . . . 1382 Parts Sabotaged . | . . . . . . . . . . . . . Parts Stolen . | . . . . . . . . . . . . . Parts Stripped . | . . . . . . . . . . . . . Power Chain Reactions . | . . . . . . . . . . . . . Alert | -11 -10 -9 -8 -7 -7 -7 -7 -7 -7 -6 -6 -6 ------- Run | Yrd Mat Mat Mat Fac Gar Fac Gar Fac DSF Fac Gar Ext Peak Influence 278 | . 4 61 278 130 235 147 171 81 59 177 60 157 Initial 126 | . . 1 8 126 100 123 102 81 59 30 . 31 Average 65 | . . 13 126 129 136 123 133 80 59 60 23 46 Maximum Alert Level 1 | . . . 1 . 1 . . . . . . . Low Security (%) 98 | 100 100 100 85 100 92 100 100 100 100 100 100 100 Level 1 1 | . . . 14 . 7 . . . . . . . Level 2 . | . . . . . . . . . . . . . Level 3 . | . . . . . . . . . . . . . Level 4 . | . . . . . . . . . . . . . Level 5 . | . . . . . . . . . . . . . High Security . | . . . . . . . . . . . . . Max Security . | . . . . . . . . . . . . . Squads Dispatched 12 | . . 1 3 1 . 1 . . . 3 . 3 Investigation 8 | . . 1 1 1 . 1 . . . 3 . 1 Extermination . | . . . . . . . . . . . . . Reinforcement 4 | . . . 2 . . . . . . . . 2 Assault . | . . . . . . . . . . . . . Garrison . | . . . . . . . . . . . . . Intercept . | . . . . . . . . . . . . . Searches Triggered . | . . . . . . . . . . . . . Construction Impeded 1 | . . . . . . . . . . . . 1 Haulers Reinforced . | . . . . . . . . . . . . . Active Scanning Responses . | . . . . . . . . . . . . . Cargo Convoy Interrupts . | . . . . . . . . . . . . . Stealth | -11 -10 -9 -8 -7 -7 -7 -7 -7 -7 -6 -6 -6 --------- Run | Yrd Mat Mat Mat Fac Gar Fac Gar Fac DSF Fac Gar Ext Distress Signals 3 | . . . 1 . . . . . . . . 2 Communications Jammed . | . . . . . . . . . . . . . Distress Signals . | . . . . . . . . . . . . . Times Spotted 68 | . . 5 21 . 5 . 16 . . . 1 20 Peak Tracking Total 15 | . . 5 15 . 5 . 8 . . . 2 5 Tactical Retreats 3 | . . . 2 . . . . . . . 1 . Traps | -11 -10 -9 -8 -7 -7 -7 -7 -7 -7 -6 -6 -6 ------- Run | Yrd Mat Mat Mat Fac Gar Fac Gar Fac DSF Fac Gar Ext Traps Triggered 2 | . . 2 . . . . . . . . . . Indirectly . | . . . . . . . . . . . . . Trap Hack Attempts . | . . . . . . . . . . . . . Triggered . | . . . . . . . . . . . . . Disarmed . | . . . . . . . . . . . . . Reprogrammed 10 | . . . . 6 . . . . . 4 . . Reused . | . . . . . . . . . . . . . Traps Extracted . | . . . . . . . . . . . . . Installed . | . . . . . . . . . . . . . Triggered . | . . . . . . . . . . . . . Objects Rigged 7 | . . . . . . . . . . 7 . . Exploded 1 | . . . . . . . . . . 1 . . Machines | -11 -10 -9 -8 -7 -7 -7 -7 -7 -7 -6 -6 -6 ---------- Run | Yrd Mat Mat Mat Fac Gar Fac Gar Fac DSF Fac Gar Ext Machines Disabled 5 | . . . . . . . . . . 5 . . Max in Single Turn 4 | . . . . . . . . . . 4 . . Machines Repaired . | . . . . . . . . . . . . . Machines Dismantled . | . . . . . . . . . . . . . Machines Sabotaged . | . . . . . . . . . . . . . Overloaded Fab Kills . | . . . . . . . . . . . . . Hacking | -11 -10 -9 -8 -7 -7 -7 -7 -7 -7 -6 -6 -6 --------- Run | Yrd Mat Mat Mat Fac Gar Fac Gar Fac DSF Fac Gar Ext Machines Accessed 17 | . 1 1 1 2 . 2 1 1 . 5 . 3 Terminals 14 | . 1 1 1 1 . 1 1 1 . 4 . 3 Fabricators . | . . . . . . . . . . . . . Repair Stations . | . . . . . . . . . . . . . Recycling Units . | . . . . . . . . . . . . . Scanalyzers . | . . . . . . . . . . . . . Garrison Access 3 | . . . . 1 . 1 . . . 1 . . Total Hacks 43 | . 2 3 3 8 . 4 2 1 . 12 . 8 Successful 15 | . 1 . . 3 . 1 1 1 . 6 . 2 Failed 28 | . 1 3 3 5 . 3 1 . . 6 . 6 Catastrophic 4 | . . . . 3 . 1 . . . . . . Database Lockouts . | . . . . . . . . . . . . . Manual 16 | . . 3 . 2 . 2 1 . . 6 . 2 Terminals 38 | . 2 3 3 6 . 2 2 1 . 11 . 8 Fabricators . | . . . . . . . . . . . . . Repair Stations . | . . . . . . . . . . . . . Recycling Units . | . . . . . . . . . . . . . Scanalyzers . | . . . . . . . . . . . . . Garrison Access 5 | . . . . 2 . 2 . . . 1 . . Terminal Hacks 8 | . 1 . . 2 . . 1 1 . 2 . 1 Open Door 1 | . . . . . . . . . . . . 1 Open DSF 2 | . . . . . . . . 1 . 1 . . Locate Traps 1 | . . . . 1 . . . . . . . . Reprogram Traps 2 | . . . . 1 . . . . . 1 . . Dispatch Records 1 | . 1 . . . . . . . . . . . Patrol Navigation 1 | . . . . . . . 1 . . . . . Fabricator Hacks . | . . . . . . . . . . . . . Repair Station Hacks . | . . . . . . . . . . . . . Recycling Unit Hacks . | . . . . . . . . . . . . . Scanalyzer . | . . . . . . . . . . . . . Garrison Access Hacks 3 | . . . . 1 . 1 . . . 1 . . Unlock Access 3 | . . . . 1 . 1 . . . 1 . . Unauthorized Hacks 4 | . . . . . . . . . . 3 . 1 Terminals 4 | . . . . . . . . . . 3 . 1 Botnet 3 | . . . . . . . . . . 2 . 1 Detonate 1 | . . . . . . . . . . 1 . . Fabricators . | . . . . . . . . . . . . . Repair Stations . | . . . . . . . . . . . . . Recycling Units . | . . . . . . . . . . . . . Scanalyzers . | . . . . . . . . . . . . . Garrison Access . | . . . . . . . . . . . . . Data Cores Recovered . | . . . . . . . . . . . . . Used . | . . . . . . . . . . . . . Hacking Detections 14 | . 1 1 1 1 . 2 1 . . 4 . 3 Full Trace Events 8 | . . 1 1 1 . 1 . . . 3 . 1 Feedback Events . | . . . . . . . . . . . . . Feedback Blocked . | . . . . . . . . . . . . . Robot Schematics Acquired . | . . . . . . . . . . . . . Robots Built . | . . . . . . . . . . . . . Authchips . | . . . . . . . . . . . . . Time . | . . . . . . . . . . . . . Total Robot Build Rating . | . . . . . . . . . . . . . Part Schematics Acquired . | . . . . . . . . . . . . . Parts Built . | . . . . . . . . . . . . . Authchips . | . . . . . . . . . . . . . Time . | . . . . . . . . . . . . . Total Part Build Rating . | . . . . . . . . . . . . . Parts Repaired . | . . . . . . . . . . . . . Time . | . . . . . . . . . . . . . Parts Recycled . | . . . . . . . . . . . . . Recycled Matter . | . . . . . . . . . . . . . Retrieved Matter . | . . . . . . . . . . . . . Retrieved Components . | . . . . . . . . . . . . . Parts Scanalyzed . | . . . . . . . . . . . . . Part Schematics Acquired . | . . . . . . . . . . . . . Parts Damaged . | . . . . . . . . . . . . . Bothacking | -11 -10 -9 -8 -7 -7 -7 -7 -7 -7 -6 -6 -6 ------------ Run | Yrd Mat Mat Mat Fac Gar Fac Gar Fac DSF Fac Gar Ext Used RIF Installer 1 | . . . . . . . 1 . . . . . Robots Hacked 4 | . . . . . . . 1 . . . . 3 Non-combat 1 | . . . . . . . . . . . . 1 Combat 3 | . . . . . . . 1 . . . . 2 Robot Hacks Applied 4 | . . . . . . . 1 . . . . 3 map_walls 1 | . . . . . . . . . . . . 1 find_shortcuts 3 | . . . . . . . 1 . . . . 2 Relay Couplers Released . | . . . . . . . . . . . . . Fabnet Peak Effective % . | . . . . . . . . . . . . . Robots Rewired 10 | . . . . . . . . . . . . 10 Allies Hacked . | . . . . . . . . . . . . . Hacks Repelled . | . . . . . . . . . . . . . Allies | -11 -10 -9 -8 -7 -7 -7 -7 -7 -7 -6 -6 -6 -------- Run | Yrd Mat Mat Mat Fac Gar Fac Gar Fac DSF Fac Gar Ext Total Allies 11 | . . . . . . . . . . . . 11 Largest Group 3 | . . . . . . . . . . . . 3 Highest-Rated Group 101 | . . . . . . . . . . . . 101 Highest-Rated Ally 39 | . . . . . . . . . . . . 39 Total Orders . | . . . . . . . . . . . . . Ally Attacks 85 | . . . . . . . . . . . . 85 Total Damage 1597 | . . . . . . . . . . . . 1597 Kills 11 | . . . . . . . . . . . . 11 Allies Corrupted . | . . . . . . . . . . . . . Allies Melted . | . . . . . . . . . . . . . Intel | -11 -10 -9 -8 -7 -7 -7 -7 -7 -7 -6 -6 -6 ------- Run | Yrd Mat Mat Mat Fac Gar Fac Gar Fac DSF Fac Gar Ext Robot Analysis Total 6 | 1 . . 1 . . . 1 . . . . 3 Derelict Logs Recovered . | . . . . . . . . . . . . . Drone Launches . | . . . . . . . . . . . . . Drone Recoveries . | . . . . . . . . . . . . . Exploration | -11 -10 -9 -8 -7 -7 -7 -7 -7 -7 -6 -6 -6 ------------- Run | Yrd Mat Mat Mat Fac Gar Fac Gar Fac DSF Fac Gar Ext Turns Passed 2211 | 12 141 155 162 109 70 113 111 48 71 416 92 711 Spaces Moved 2658 | 20 132 153 222 216 140 226 178 77 88 520 109 577 Core 928 | 14 . 12 59 216 140 226 176 46 . . . 39 Treads 5 | . . . . . . . . . . . . 5 Legs 32 | . . . . . . . 2 . . . . 30 Wheels 1693 | 6 132 141 163 . . . . 31 88 520 109 503 Hover . | . . . . . . . . . . . . . Flight . | . . . . . . . . . . . . . Fastest Speed 50 | 50 100 100 50 50 50 50 50 50 80 80 80 50 Average Speed 72 | 65 100 100 72 50 50 50 50 62 80 80 80 81 Slowest Speed 160 | 100 100 100 80 50 50 50 120 80 80 80 80 160 Overloaded Moves . | . . . . . . . . . . . . . Propulsion Burnouts . | . . . . . . . . . . . . . Robots Hopped . | . . . . . . . . . . . . . Cave-ins Triggered . | . . . . . . . . . . . . . Exploration Rate (%) 26 | 3 26 27 30 9 28 7 42 3 77 12 27 55 Regions Visited 12 Branch Regions 1 Pre-discovered Areas . | . . . . . . . . . . . . . Known Exits Taken 4 | . . . . 1 . 1 . 1 . 1 . . Unknown Exits Taken 4 | 1 1 1 1 . . . . . . . . . Scrap Searched . | . . . . . . . . . . . . . Spaces Dug . | . . . . . . . . . . . . . Terrain Destroyed 58 | . . . . . . . . . . 58 . . Melee . | . . . . . . . . . . . . . Projectile . | . . . . . . . . . . . . . AOE 58 | . . . . . . . . . . 58 . . Terrain Rammed . | . . . . . . . . . . . . . Walls Destroyed . | . . . . . . . . . . . . . Machines Disabled . | . . . . . . . . . . . . . Actions | -11 -10 -9 -8 -7 -7 -7 -7 -7 -7 -6 -6 -6 --------- Run | Yrd Mat Mat Mat Fac Gar Fac Gar Fac DSF Fac Gar Ext Total 2877 | 19 141 155 223 216 138 225 189 76 88 519 113 775 Wait 18 | . . . . . . . 1 . . . 4 13 Move 2647 | 19 131 153 221 216 138 225 177 76 87 519 108 577 Hop . | . . . . . . . . . . . . . Pick Up 8 | . 6 2 . . . . . . . . . . Fast Attach . | . . . . . . . . . . . . . Attach . | . . . . . . . . . . . . . Detach . | . . . . . . . . . . . . . Swap . | . . . . . . . . . . . . . Drop . | . . . . . . . . . . . . . Fire 54 | . . . . . . . 9 . . . . 45 Melee . | . . . . . . . . . . . . . Ram 9 | . . . 2 . . . 2 . . . . 5 Kick . | . . . . . . . . . . . . . Crush . | . . . . . . . . . . . . . Escape Stasis . | . . . . . . . . . . . . . Rewire 137 | . . . . . . . . . 1 . 1 135 Trap . | . . . . . . . . . . . . . Miscellaneous 4 | . 4 . . . . . . . . . . . Route ------- -11/Scrapyard -10/Materials -9/Materials -8/Materials -7/Factory -7/Garrison (discovered 2 exits: *Fac / *Fac) -7/Factory -7/Garrison -7/Factory -7/DSF -6/Factory -6/Garrison -6/Extension History --------- Turn | Location | Event 4 | -11/Scrapyard | Discovered new exit (range 15) 13 | -11/Scrapyard | Entered Materials 146 | -10/Materials | Discovered new exit (range 9) 154 | -10/Materials | Entered another Materials area 304 | -9/Materials | Discovered new exit (range 7) 309 | -9/Materials | Entered another Materials area 328 | -8/Materials | Lost 4 parts (1p2n1u) 463 | -8/Materials | Discovered new exit (range 14) 471 | -8/Materials | Entered Factory 580 | -7/Factory | Identified exit to Garrison 580 | -7/Factory | Entered Garrison 598 | -7/Garrison | Triggered checkpoint 600 | -7/Garrison | Triggered checkpoint 616 | -7/Garrison | Discovered new exit (range 13) 622 | -7/Garrison | Attempted to access garrison exit controls, blocked by remote lockdown 644 | -7/Garrison | Triggered checkpoint 648 | -7/Garrison | Discovered new exit (range 5) 650 | -7/Garrison | Entered Factory 760 | -7/Factory | Identified exit to Garrison 763 | -7/Factory | Entered Garrison 793 | -7/Garrison | Triggered checkpoint 829 | -7/Garrison | Triggered checkpoint 841 | -7/Garrison | Core integrity fell below 50% 862 | -7/Garrison | Discovered new exit (range 10) 867 | -7/Garrison | Installed Relay Interface Framework 874 | -7/Garrison | Entered Factory 905 | -7/Factory | Lost 6 parts (1p2n2u1w) 922 | -7/Factory | Identified exit to DSF 922 | -7/Factory | Entered DSF 983 | -7/DSF | Discovered new exit (range 14) 993 | -7/DSF | Entered Factory 1406 | -6/Factory | Identified exit to Garrison 1409 | -6/Factory | Entered Garrison 1447 | -6/Garrison | Spotted B-75 Beast 1451 | -6/Garrison | Triggered checkpoint 1479 | -6/Garrison | Discovered new exit (range 9) 1501 | -6/Garrison | Entered Extension 1638 | -6/Extension | Rescued a captive Derelict 1757 | -6/Extension | Lost 5 allies 2028 | -6/Extension | Spotted B-75 Beast 2032 | -6/Extension | Spotted B-75 Beast 2052 | -6/Extension | Core integrity fell below 50% 2080 | -6/Extension | Lost 8 parts (1p4n3u) 2124 | -6/Extension | Core integrity fell below 20% 2139 | -6/Extension | Lost 3 parts (1p1n1w) 2212 | -6/Extension | Destroyed by S-27 Virus with Autogun Last Messages --------------- Carbon-fiber Leg. 02129_ G-50 Soldier overheating. 02131_ Destroyed Lgt. Angular Momentum Engine. 02131_ G-50 Soldier overheating. 02135_ Destroyed Adv. Heat Sink. 02135_ G-50 Soldier overheating. 02137_ Hvy. Laser melted. 02137_ G-50 Soldier destroyed. 02148_ ALERT: Construction progress impeded, dispatching reinforcements to local area. 02176_ Lgt. Angular Momentum Engine destroyed. 02178_ S-27 Virus destroyed. 02180_ S-27 Virus suffers critical hit (Burn). 02188_ S-27 Virus destroyed. 02194_ Critical hit (Destroy). 02194_ Hvy. Laser destroyed. 02195_ Carbon-fiber Leg destroyed. 02196_ Released control of G-50 Soldier. 02198_ Took control of G-50 Soldier. 02211_ G-50 Soldier destroyed. Map ----- +----------------------------------------------------+ | ?????????????????????????????????????????????????? | | ?????????????????????????????????????????????????? | | ?????????????????????????????????????????????????? | | ?????????????????????????????????????????????????? | | ?????????????????????????????????????????????????? | | ?????????????????????????????????????????????????? | | ?????????????????????????????????????????????????? | | ?????????????????????????????????????????????????? | | ?????????????????????????????????????????????????? | | ?????????????????????????????????????????????????? | | ?????????????????????????????????????????????????? | | ?????????????????????????????????????????????????? | | ?????????????????????????????????????????????????? | | ?????????????????????????????????????????????????? | | ?????????????????????????????????????????????????? | | ?????????????????????????????????????????????????? | | ?????????????????????????????????????????????????? | | ?????????????????????????????????????????????????? | | ????###??????????????????????????????????????????? | | ?????????????????????????????????????????????????? | | ??#????#?????????????????????????????????????????? | | ????????#?#??????????????????????????????????????? | | ??#???#??#???????#####???????????????????????????? | | ?#???#???????????#*%[######??????????????????????? | | ??#?#???#?#?#????#=== =%*#??????????????????????? | | ################## ####g#??????????????????????? | | ###################+#####s########???????????????? | | ??????????????? | | ??????????????? | | ??????????????? | | %% ??????????????? | | =% kR ?????????????? | | #####################################????????????? | | #################????????????????????????????????? | | ???##????????????????????????????????????????????? | | ????????#?#??????????????????????????????????????? | | ??????#????#?????????????????????????????????????? | | ?????????????#???????????????????????????????????? | | ??#??#??#????????????????????????????????????????? | | ??????#???#??????????????????????????????????????? | | | | | | | | | | | | | | | | | | | | | +----------------------------------------------------+ Best States ------------- Heat Dissipation 42 Energy Generation 23 Energy Capacity 110 Matter Stores 125 Matter Capacity 125 Sight Range 16 Terrain Scan Range 14 Terrain Scan Density 85 Evasion (%) 50 Item Schematics ----------------- None Robot Schematics ------------------ None Fabricated ------------ Nothing Alien Tech Used ----------------- None Achievements -------------- None Challenges ------------ None Polymind | -11 -10 -9 -8 -7 -7 -7 -7 -7 -7 -6 -6 -6 ---------- Run | Yrd Mat Mat Mat Fac Gar Fac Gar Fac DSF Fac Gar Ext Hosts 8 | 1 . . 1 . . . 1 1 . . . 4 Combat Hostiles 3 | . . . . . . . 1 . . . . 2 Allies . | . . . . . . . . . . . . . Unique Host Classes 5 | 1 . . 1 . . . 1 . . . . 2 Average Host Suspicion 36 | . 16 59 96 13 70 5 52 3 24 26 55 31 Unsuspicious Activity 1212 | 2 20 . 132 78 15 114 39 5 36 234 27 510 Returns to Shadow . | . . . . . . . . . . . . . Fuzzy Dispatches . | . . . . . . . . . . . . . Protomatter Created 220 | . . . . . . . . . . . . 220 Used 145 | 5 . . 5 . . . 30 5 . . . 100 Decayed 62 | . . . . . . . . . . . . 62 Highest Spend 45 | 5 . . 5 . . . 30 5 . . . 45 Top 5 Hosts by Kills: G-50 Soldier (-6/Extension: 4) G-47 Trooper (-7/Garrison: 2) G-50 Soldier (-6/Extension: 1) Game ------ Seed TargetingLightDetector Manual? 0 Play Time 00:24:55 Cumulative 120.7 hours Start 2025.01.03 @ 17:58:30 End 2025.01.03 @ 18:22:10 Sessions 1 Manual Loads 0 Difficulty Rogue Special Mode Winter2022/Polymind Game No. 143 Rogue 143 Adventurer 0 Explorer 0 Win Type - Total 1 Types 1/0/0/0/0/0/0/0/0 Lore% 52 Gallery% 67 Achievement% 53 Wizard Run 0 Options --------- Layout 1 ASCII 0 Keyboard 0 Movement Numpad Keybinds 0 Fullscreen 1 Font 24/Smallcaps Map View 50x35 Zoom Use 0% Tactical HUD 1 Map Filters NONE Filters NONE Steam 1 RUN: 17fed98b-2b8c-4652-826b-c68851ab60a4